 Dungeon Crawl Stone Soup version 0.27-a0-1189-gb8eb6cee8e (webtiles) character file.

Game seed: 14962735326973831197

19231 spiderkeys the Thaumaturge (level 12, 0/91 HPs)
             Began as a Gnoll Earth Elementalist on May 22, 2021.
             Was an Initiate of Gozag.
             Shot with an arrow by a centaur (9 damage)
             ... on level 12 of the Dungeon.
             The game lasted 00:41:34 (19879 turns).

spiderkeys the Thaumaturge (GnEE)                  Turns: 19879, Time: 00:41:34

Health: 0/91       AC:  6    Str:  9    XL:     12   Next: 66%
Magic:  8/25       EV: 20    Int: 23    God:    Gozag
Gold:   1868       SH:  0    Dex: 14    Spells: 8/29 levels left

rFire    + . .     SeeInvis .   Z - +8 falchion "Uriap" {elec, rElec rN+ Will-}
rCold    + . .     Faith    .   (no shield)
rNeg     + . .     Spirit   .   c - +0 robe
rPois    .         Reflect  .   (no helmet)
rElec    +         Harm     .   n - scarf {rC+ rF+}
rCorr    .         Rampage  +   (no gloves)
Will     .....                  U - +2 pair of boots {rampage}
Stlth    ++++......             A - amulet of the acrobat
HPRegen  0.25/turn              i - +6 ring of intelligence
MPRegen  0.19/turn              E - +4 ring of evasion

@: gold aura
A: fangs 1, strong nose, distributed training
a: Renounce Religion, Potion Petition, Call Merchant, Bribe Branch


You were on level 12 of the Dungeon.
You worshipped Gozag.
Gozag was most pleased with you.
You visited 2 branches of the dungeon, and saw 13 of its levels.
You also visited: Bailey.

You collected 1966 gold pieces.
You paid 98 gold pieces to Gozag.


Innate Abilities, Weirdness & Mutations

You have very sharp teeth.
Your uncanny sense of smell can sniff out nearby items.
Your experience applies equally to all skills.


   Skills:
 + Level 7.5 Fighting
 + Level 7.5 Short Blades
 + Level 7.5 Long Blades
 + Level 7.5 Axes
 + Level 7.5 Maces & Flails
 + Level 7.5 Polearms
 + Level 7.5 Staves
 + Level 7.5 Slings
 + Level 7.5 Bows
 + Level 7.5 Crossbows
 + Level 7.5 Throwing
 + Level 7.5 Armour
 + Level 8.9 Dodging
 + Level 8.7 Stealth
 + Level 7.5 Shields
 + Level 7.5 Unarmed Combat
 + Level 9.1 Spellcasting
 + Level 6.2 Conjurations
 + Level 6.2 Hexes
 + Level 6.2 Summonings
 + Level 6.2 Necromancy
 + Level 6.2 Translocations
 + Level 6.6 Transmutations
 + Level 6.2 Fire Magic
 + Level 6.2 Ice Magic
 + Level 6.2 Air Magic
 + Level 8.4 Earth Magic
 + Level 6.2 Poison Magic
 + Level 8.2 Invocations
 + Level 7.5 Evocations


You had 8 spell levels left.
You knew the following spells:

 Your Spells              Type           Power      Damage    Failure   Level
a - Passwall              Tmut/Erth      37%        N/A       1%          2
d - Dazzling Flash        Conj/Hex       78%        N/A       1%          3
p - Petrify               Tmut/Erth      45%        N/A       2%          4
w - Stone Arrow           Conj/Erth      88%        3d12      1%          3
z - Sandblast             Erth           98%        2d20      1%          1
X - Iskenderun's Mystic   Conj/Tloc      39%        2d9       4%          4
Y - Hailstorm             Conj/Ice       39%        3d9       4%          4

Your spell library contained the following spells:

 Spells                   Type           Power      Damage    Failure   Level
 Beastly Appendage        Tmut           82%        N/A       1%          1
 Magic Dart               Conj           100%       1d8       1%          1
 Shock                    Conj/Air       100%       1d9       1%          1
 Searing Ray              Conj           78%        3d6       1%          2
 Static Discharge         Conj/Air       39%        N/A       1%          2
 Wereblood                Tmut           41%        N/A       1%          2
 Mephitic Cloud           Conj/Pois/Air  39%        N/A       1%          3
 Spider Form              Tmut/Pois      20%        N/A       1%          3
 Fulminant Prism          Conj/Hex       19%        3d11      4%          4
 Ice Form                 Ice/Tmut       40%        N/A       4%          4
 Lee's Rapid Deconstruct  Erth           24%        3d14*     5%          5
 Hydra Form               Tmut           20%        N/A       11%         5
 Fireball                 Conj/Fire      19%        3d9       13%         5
 Silence                  Hex/Air        19%        N/A       13%         5

Inventory:

Hand Weapons
 R - the +5 broad axe of Ebrekis {protect, Will+ Stlth+}
   (You found it on level 9 of the Dungeon)

   It grants its wielder temporary protection when it strikes (+7 to AC).
   It increases your willpower.
   It makes you more stealthy.
 T - the +10 morningstar "Eos" {elec, Halo rElec}
   (You found it in a bailey)

   Occasionally, upon striking a foe, it can discharge electrical energy and
   cause terrible harm.
   It insulates you from electricity.
 Z - the +8 falchion "Uriap" (weapon) {elec, rElec rN+ Will-}
   (You took it off an orc warrior on level 12 of the Dungeon)

   Occasionally, upon striking a foe, it can discharge electrical energy and
   cause terrible harm.
   It insulates you from electricity.
   It protects you from negative energy.
   It decreases your willpower.
Missiles
 b - 270 stones
 f - 3 silver boomerangs
 x - 55 poisoned darts
 y - 2 throwing nets {=f!f}
 B - 129 arrows
 D - 70 sling bullets
 F - 13 boomerangs
 O - 8 atropa-tipped darts
Armour
 c - a +0 robe (worn)
 n - a scarf of resistance (worn)
   (You found it on level 10 of the Dungeon)
 Q - a +2 crystal plate armour {rare}
   (You found it in a bailey)
 U - a +2 pair of boots of rampaging (worn)
   (You found it in a bailey)
 Y - a +2 cloak
   (You found it on level 12 of the Dungeon)
Magical Staves
 C - a staff of conjuration {!a}
   (You took it off an orc priest on level 12 of the Dungeon)
Jewellery
 i - a +6 ring of intelligence (left hand)
   (You found it on level 8 of the Dungeon)
 v - a ring of see invisible
   (You found it on level 12 of the Dungeon)
 A - an amulet of the acrobat (around neck)
   (You took it off a kobold on level 3 of the Dungeon)
 E - a +4 ring of evasion (right hand)
   (You found it on level 6 of the Dungeon)
 J - a ring of willpower
   (You found it on level 8 of the Dungeon)
 L - a ring of flight
   (You found it on level 8 of the Dungeon)
 S - a +6 ring of strength
   (You found it on level 4 of the Dungeon)
Wands
 h - a wand of acid (11)
   (You found it on level 2 of the Dungeon)
 k - a wand of polymorph (18)
   (You found it on level 3 of the Dungeon)
 m - a wand of digging (12)
   (You found it on level 3 of the Dungeon)
 o - a wand of iceblast (19)
   (You found it on level 4 of the Dungeon)
 u - a wand of flame (41)
   (You found it on level 6 of the Dungeon)
Scrolls
 a - 10 scrolls of teleportation {@r4}
 t - 2 scrolls of silence {!r}
 w - 4 scrolls of fear
 G - 2 scrolls of enchant weapon
 M - 2 scrolls of amnesia
 N - 2 scrolls of magic mapping {!r}
 V - 2 scrolls of enchant armour
 X - 2 scrolls of identify {@r1}
Potions
 d - a potion of brilliance
 e - a potion of resistance
 g - 4 potions of mutation {!q}
 j - 2 potions of haste {@q3}
 l - 2 potions of invisibility
 p - a potion of might
 q - a potion of flight {unknown}
 r - 3 potions of lignification {!q}
 s - a potion of cancellation {unknown}
 z - 2 potions of curing {unknown}
 H - a potion of heal wounds {unknown}
 K - a potion of attraction {unknown}
 P - a potion of ambrosia {unknown}
Miscellaneous
 W - a phial of floods
   (You found it on level 11 of the Dungeon)

Dungeon Overview and Level Annotations

Branches:
Dungeon (12/15)            Temple (1/1) D:7            Lair (0/6) D:10
    Orc (0/2) D:12         Bailey (visited)

Altars:
Ashenzari
Cheibriados
Dithmenos
Elyvilon
Fedhas
Gozag
Hepliaklqana
Kikubaaqudgha
Makhleb
Nemelex Xobeh
Okawaru
Qazlal
Ru
Sif Muna
Trog
Uskayaw
Vehumet
Wu Jian
Xom
Yredelemnul
Zin
The Shining One

Shops:
D:7

? #.##..≈8≈≈≈≈≈≈≈≈≈≈≈≈≈≈≈≈≈≈≈≈
#J###.8≈≈≈≈≈≈≈≈≈≈≈≈≈≈≈≈≈≈≈≈≈ #.#
#....................... #.#
#####.##..##..##.#<##.## #c#
#$#..###.###...##... #.#
#c.......# ###.#####
######.#######cc......# #.# #
........))...Wc.H.....# #.# #
#######=[)....J.@c....#####.#####
#)......Jc..............)..
#......$$.......#####......
#...............# #......
#...............# #......
#...............# #......
#...............#####......
#######........######............
...............# #.#####....^.


You could see 2 slime creatures, 2 centaurs, a friendly manticore (summoned), a
friendly shadow (summoned) and 4 friendly centaurs.


Message History

Your centaur hits the centaur.
Your centaur kicks the centaur.
Your centaur wields a +0 shortbow.
Your centaur shoots an arrow.
The arrow hits the large slime creature.
Your centaur shoots an arrow.
The arrow completely misses the large slime creature.
The centaur closely misses your centaur.
The centaur kicks your centaur but does no damage.
Your centaur unwields a +0 shortbow.
Your centaur barely misses the centaur.
Your centaur kicks the centaur.
The centaur wields a +0 shortbow.
The centaur shoots an arrow.
The arrow barely misses your shadow. The arrow hits you!
* * * LOW HITPOINT WARNING * * *
Your troll bites the large slime creature!
Your troll claws the large slime creature! x2
Your manticore flicks its tail.
The volley of spikes hits the large slime creature!
The slime creature closely misses your troll.
Your shadow slips into darkness.
Your shadow flickers and vanishes for a moment. 😱 HP[-12] MP[-2]
You take 12 damage, and now have 16/91 hp.
You lost 2 mp, and now have 20/25 mp.
Casting: Stone Arrow (safe; 1% risk of failure)
Confirm with . or Enter, or press ? or * to list all spells.
Aiming: Stone Arrow (safe; 1% risk of failure)
Press: ? - help, Shift-Dir - straight line, f - centaur, p - large slime creature
Aim: a centaur, wielding a +0 shortbow and quivering arrows (moderately wounded, blind, 85% to hit)
The stone arrow hits the centaur!
You kill the centaur!
Your centaur hits the centaur.
Your centaur barely misses the centaur.
Your centaur shoots an arrow.
The arrow hits the large slime creature!
The centaur hits your centaur.
The centaur closely misses your centaur.
Your centaur hits the centaur.
Your centaur kicks the centaur.
The centaur dies!
Your manticore barely misses the large slime creature.
Your manticore claws the large slime creature!
The large slime creature dies!
Your centaur hits the centaur.
Your centaur completely misses the centaur.
Your shadow strikes at the centaur from the darkness! 😱 MP[-3]
You lost 3 mp, and now have 17/25 mp.
Casting: Stone Arrow (safe; 1% risk of failure)
Confirm with . or Enter, or press ? or * to list all spells.
Aiming: Stone Arrow (safe; 1% risk of failure)
Press: ? - help, Shift-Dir - straight line, f - slime creature
Aim: a slime creature (moderately wounded, 95% to hit)
Okay, then.
Your centaur unwields a +0 shortbow.
Your centaur hits the centaur.
Your centaur kicks the centaur.
The centaur dies!
The slime creature closely misses your troll.
Casting: Stone Arrow (safe; 1% risk of failure)
Confirm with . or Enter, or press ? or * to list all spells.
Aiming: Stone Arrow (safe; 1% risk of failure)
Press: ? - help, Shift-Dir - straight line, f - centaur
Aim: a centaur, wielding a +0 shortbow and quivering arrows (85% to hit)
The stone arrow hits the centaur!
The centaur shoots an arrow.
The arrow hits you!
* * * LOW HITPOINT WARNING * * *
Your centaur wields a +0 shortbow.
Your centaur shoots an arrow.
The arrow hits the slime creature!
Your troll barely misses the slime creature.
Your troll claws the slime creature!
Your troll claws the slime creature.
Your centaur wields a +0 shortbow.
Your centaur shoots an arrow.
The arrow hits the centaur.
Your manticore bites the slime creature.
Your manticore barely misses the slime creature.
Your manticore claws the slime creature.
The slime creature hits your troll!! 😱 HP[-7] MP[-3]
You take 7 damage, and now have 9/91 hp.
You lost 3 mp, and now have 14/25 mp.
Casting: Stone Arrow (safe; 1% risk of failure)
Confirm with . or Enter, or press ? or * to list all spells.
Aiming: Stone Arrow (safe; 1% risk of failure)
Press: ? - help, Shift-Dir - straight line, f/p - centaur
Aim: a centaur, wielding a +0 shortbow and quivering arrows (severely wounded, ally target, 85% to hit)
The stone arrow hits the centaur!!
You kill the centaur!
Your centaur shoots an arrow.
The arrow hits the slime creature!
Your shadow hits the slime creature.
Your centaur shoots an arrow.
The arrow hits the centaur.
The slime creature hits your troll!
Your troll dies!
Your troll's corpse dissolves into shadows!
Your centaur shoots an arrow.
The arrow hits the centaur. 😱 MP[-3]
You lost 3 mp, and now have 11/25 mp.
Casting: Stone Arrow (safe; 1% risk of failure)
Confirm with . or Enter, or press ? or * to list all spells.
Aiming: Stone Arrow (safe; 1% risk of failure)
Press: ? - help, Shift-Dir - straight line, f - centaur
Aim: a centaur, wielding a +0 shortbow and quivering arrows (ally target, 85% to hit)
The stone arrow hits the centaur!!
The centaur wields a +0 shortbow.
The centaur shoots an arrow.
The arrow hits you!
You die...
Your body crumbles into a pile of gold.

Skill      XL: |  1  2  3  4  5  6  7  8  9 10 11 12 |
---------------+-------------------------------------+-----
Transmutations | 2 3 4 5 6 |  6.6
Spellcasting   | 5 6 7 8 9 |  9.1
Invocations    | 1 2 3 4 5 6 7 8 |  8.2
Fighting       | 1 2 3 4 5 6 7 |  7.5
Short Blades   | 1 2 3 4 5 6 7 |  7.5
Long Blades    | 1 2 3 4 5 6 7 |  7.5
Axes           | 1 2 3 4 5 6 7 |  7.5
Maces & Flails | 1 2 3 4 5 6 7 |  7.5
Polearms       | 1 2 3 4 5 6 7 |  7.5
Staves         | 1 2 3 4 5 6 7 |  7.5
Slings         | 1 2 3 4 5 6 7 |  7.5
Bows           | 1 2 3 4 5 6 7 |  7.5
Crossbows      | 1 2 3 4 5 6 7 |  7.5
Throwing       | 1 2 3 4 5 6 7 |  7.5
Armour         | 1 2 3 4 5 6 7 |  7.5
Shields        | 1 2 3 4 5 6 7 |  7.5
Unarmed Combat | 1 2 3 4 5 6 7 |  7.5
Evocations     | 1 2 3 4 5 6 7 |  7.5
Conjurations   | 1 2 3 4 5 6 |  6.2
Hexes          | 1 2 3 4 5 6 |  6.2
Summonings     | 1 2 3 4 5 6 |  6.2
Necromancy     | 1 2 3 4 5 6 |  6.2
Translocations | 1 2 3 4 5 6 |  6.2
Fire Magic     | 1 2 3 4 5 6 |  6.2
Ice Magic      | 1 2 3 4 5 6 |  6.2
Air Magic      | 1 2 3 4 5 6 |  6.2
Poison Magic   | 1 2 3 4 5 6 |  6.2
Dodging        | 5 6 7 8 |  8.9
Stealth        | 5 6 7 8 |  8.7
Earth Magic    | 6 7 8 |  8.4

Action                   |  1- 3 |  4- 6 |  7- 9 | 10-12 || total
-------------------------+-------+-------+-------+-------++-------
Melee: Spear             |    81 |       |       |       ||    81
       Club              |    19 |       |       |       ||    19
       Bite              |     6 |     8 |    16 |    25 ||    55
       Short sword       |    11 |    94 |       |       ||   105
       Punch             |     1 |       |     2 |     9 ||    12
       Dagger            |       |    40 |   174 |   191 ||   405
       Morningstar       |       |       |       |   112 ||   112
       Broad axe         |       |       |       |    12 ||    12
       Falchion          |       |       |       |    36 ||    36
Throw: Boomerang         |       |       |       |     4 ||     4
       Dart              |       |       |       |     3 ||     3
 Cast: Sandblast         |    30 |    27 |       |       ||    57
       Stone Arrow       |       |     6 |    69 |   156 ||   231
       Dazzling Flash    |       |       |     1 |     6 ||     7
       Petrify           |       |       |       |     6 ||     6
       Iskenderun's Myst |       |       |       |     5 ||     5
       Hailstorm         |       |       |       |     5 ||     5
Evoke: Wand              |       |       |     2 |     6 ||     8
  Use: Scroll            |     2 |     3 |     9 |     5 ||    19
       Potion            |       |       |       |     3 ||     3
 Stab: Sleeping          |     3 |    10 |     5 |     4 ||    22
       Distracted        |     1 |       |       |     1 ||     2
       Invisible         |       |       |     1 |     1 ||     2
       Petrified         |       |       |       |     8 ||     8
Armor: Leather armour    |    18 |       |       |       ||    18
       Robe              |     1 |    41 |    23 |    58 ||   123
Dodge: Dodged            |    79 |   128 |   128 |   361 ||   696
       Rpst.: Falchion   |       |       |       |    11 ||    11

Levels and vault maps discovered:
D:1:      amcnicky_arrival_gap_in_the_tavern_cellar, layout_loops_ring,
          bh_walls_and_bars
D:2:      layout_basic, basic_altar, grunt_decor_mini_mirrors, chequers_garden
D:3:      layout_basic, grunt_dithmenos_smoke, hex_tiny
D:4:      layout_cave_pods, minmay_stone_trees_large, minmay_misc_feat_doors,
          minivault_4, minmay_fountain_box, uniq_edmund, uniq_ijyb,
          uniq_eustachio
D:5:      layout_cave_pools, minmay_fractal_squares_5
D:6:      layout_cave_pods, chequers_serial_rivers_room_b
D:7:      layout_rooms, minmay_temple_entry_glassed_door, serial_bayou,
          serial_bayou_pond_d, serial_bayou_pond_b, serial_bayou_ford_a,
          serial_bayou_crossing, serial_bayou_shore_b, kennysheep_windowed_goal
D:8:      layout_basic, hangedman_decor_slide_cut, minmay_misc_feat_rows,
          minivault_26, uniq_grum
D:9:      layout_loops_ring, gammafunk_ghost_hydra_chop, serial_bayou_lagoon_a
D:10:     layout_grid_maze, dpeg_lair_monsters, gammafunk_ghost_grave,
          enter_bailey_2
D:11:     layout_grid_maze, serial_rivers, chequers_serial_rivers_large_b,
          chequers_serial_rivers_room_b, chequers_serial_rivers_room_b,
          chequers_serial_rivers_marsh
D:12:     layout_small_grid, erik_orc_2
Temple:   compressed_dpeg_circular_temple

Notes
Turn   | Place    | Note
-------+----------+-------------------------------------------
     0 | D:1      | spiderkeys the Gnoll Earth Elementalist began the quest for
                  | the Orb.
     0 | D:1      | Reached XP level 1. HP: 13/13 MP: 6/6
     0 | D:1      | magus.rc [v1.9.10]
    48 | D:1      | Reached skill level 2 in Transmutations
   149 | D:1      | Reached XP level 2. HP: 19/19 MP: 5/7
   665 | D:1      | Reached XP level 3. HP: 18/25 MP: 9/9
   790 | D:1      | Reached skill level 5 in Spellcasting
  1483 | D:2      | Learned a level 2 spell: Passwall
  1538 | D:2      | Reached skill level 1 in Invocations
  1963 | D:2      | Reached skill level 1 in Fighting
  1963 | D:2      | Reached skill level 1 in Short Blades
  1963 | D:2      | Reached skill level 1 in Long Blades
  1963 | D:2      | Reached skill level 1 in Axes
  1963 | D:2      | Reached skill level 1 in Maces & Flails
  1963 | D:2      | Reached skill level 1 in Polearms
  1963 | D:2      | Reached skill level 1 in Staves
  1963 | D:2      | Reached skill level 1 in Slings
  1963 | D:2      | Reached skill level 1 in Bows
  1963 | D:2      | Reached skill level 1 in Crossbows
  1963 | D:2      | Reached skill level 1 in Throwing
  1963 | D:2      | Reached skill level 1 in Armour
  1963 | D:2      | Reached skill level 1 in Shields
  1963 | D:2      | Reached skill level 1 in Unarmed Combat
  1963 | D:2      | Reached skill level 1 in Evocations
  2211 | D:2      | Learned a level 3 spell: Stone Arrow
  2277 | D:2      | Reached XP level 4. HP: 32/32 MP: 11/11
  2465 | D:2      | Found a stormy altar of Qazlal.
  2736 | D:3      | Found a shadowy altar of Dithmenos.
  3392 | D:3      | You pick up a book of Conjurations and begin reading...
  3392 | D:3      | You add the spells Magic Dart, Searing Ray, Dazzling Flash,
                  | Fulminant Prism and Iskenderun's Mystic Blast to your
                  | library.
  3615 | D:4      | Noticed a necrophage
  3619 | D:4      | Killed a necrophage
  3620 | D:4      | Reached skill level 1 in Conjurations
  3620 | D:4      | Reached skill level 1 in Hexes
  3620 | D:4      | Reached skill level 1 in Summonings
  3620 | D:4      | Reached skill level 1 in Necromancy
  3620 | D:4      | Reached skill level 1 in Translocations
  3620 | D:4      | Reached skill level 1 in Fire Magic
  3620 | D:4      | Reached skill level 1 in Ice Magic
  3620 | D:4      | Reached skill level 1 in Air Magic
  3620 | D:4      | Reached skill level 1 in Poison Magic
  3620 | D:4      | Reached XP level 5. HP: 32/37 MP: 8/12
  4131 | D:4      | Noticed Edmund
  4152 | D:4      | Killed Edmund
  4153 | D:4      | Reached skill level 2 in Fighting
  4153 | D:4      | Reached skill level 2 in Short Blades
  4153 | D:4      | Reached skill level 2 in Long Blades
  4153 | D:4      | Reached skill level 2 in Axes
  4153 | D:4      | Reached skill level 2 in Maces & Flails
  4153 | D:4      | Reached skill level 2 in Polearms
  4153 | D:4      | Reached skill level 2 in Staves
  4153 | D:4      | Reached skill level 2 in Slings
  4153 | D:4      | Reached skill level 2 in Bows
  4153 | D:4      | Reached skill level 2 in Crossbows
  4153 | D:4      | Reached skill level 2 in Throwing
  4153 | D:4      | Reached skill level 2 in Armour
  4153 | D:4      | Reached skill level 5 in Dodging
  4153 | D:4      | Reached skill level 2 in Shields
  4153 | D:4      | Reached skill level 2 in Unarmed Combat
  4153 | D:4      | Reached skill level 2 in Invocations
  4153 | D:4      | Reached skill level 2 in Evocations
  4153 | D:4      | Reached XP level 6. HP: 19/44 MP: 1/14
  4925 | D:4      | Noticed Eustachio
  4937 | D:4      | Killed Eustachio
  4938 | D:4      | Reached skill level 2 in Conjurations
  4938 | D:4      | Reached skill level 2 in Hexes
  4938 | D:4      | Reached skill level 2 in Summonings
  4938 | D:4      | Reached skill level 2 in Necromancy
  4938 | D:4      | Reached skill level 2 in Translocations
  4938 | D:4      | Reached skill level 2 in Fire Magic
  4938 | D:4      | Reached skill level 2 in Ice Magic
  4938 | D:4      | Reached skill level 2 in Air Magic
  4938 | D:4      | Reached skill level 2 in Poison Magic
  4938 | D:4      | Reached XP level 7. HP: 47/51 MP: 5/15
  5072 | D:4      | You fall into a shaft and drop 3 floors!
  5142 | D:7      | Reached skill level 3 in Transmutations
  5143 | D:7      | Reached skill level 5 in Stealth
  5209 | D:7      | Reached skill level 3 in Invocations
  5379 | D:7      | Reached skill level 6 in Earth Magic
  5409 | D:7      | Reached XP level 8. HP: 25/57 MP: 1/16
  5724 | D:6      | Reached skill level 3 in Fighting
  5724 | D:6      | Reached skill level 3 in Short Blades
  5724 | D:6      | Reached skill level 3 in Long Blades
  5724 | D:6      | Reached skill level 3 in Axes
  5724 | D:6      | Reached skill level 3 in Maces & Flails
  5724 | D:6      | Reached skill level 3 in Polearms
  5724 | D:6      | Reached skill level 3 in Staves
  5724 | D:6      | Reached skill level 3 in Slings
  5724 | D:6      | Reached skill level 3 in Bows
  5724 | D:6      | Reached skill level 3 in Crossbows
  5724 | D:6      | Reached skill level 3 in Throwing
  5724 | D:6      | Reached skill level 3 in Armour
  5724 | D:6      | Reached skill level 3 in Shields
  5724 | D:6      | Reached skill level 3 in Unarmed Combat
  5724 | D:6      | Reached skill level 3 in Evocations
  5763 | D:5      | Entered Level 5 of the Dungeon
  5799 | D:5      | Reached skill level 6 in Spellcasting
  6129 | D:4      | Noticed Ijyb
  6141 | D:4      | Killed Ijyb
  6540 | D:5      | Reached skill level 4 in Invocations
  6544 | D:5      | Reached skill level 3 in Conjurations
  6544 | D:5      | Reached skill level 3 in Hexes
  6544 | D:5      | Reached skill level 3 in Summonings
  6544 | D:5      | Reached skill level 3 in Necromancy
  6544 | D:5      | Reached skill level 3 in Translocations
  6544 | D:5      | Reached skill level 3 in Fire Magic
  6544 | D:5      | Reached skill level 3 in Ice Magic
  6544 | D:5      | Reached skill level 3 in Air Magic
  6544 | D:5      | Reached skill level 3 in Poison Magic
  6864 | D:5      | You pick up a book of Changes and begin reading...
  6864 | D:5      | You add the spells Beastly Appendage, Wereblood, Spider
                  | Form, Ice Form and Hydra Form to your library.
  6989 | D:5      | Reached skill level 6 in Dodging
  7241 | D:6      | Reached XP level 9. HP: 65/65 MP: 18/18
  7707 | D:6      | Reached skill level 4 in Fighting
  7707 | D:6      | Reached skill level 4 in Short Blades
  7707 | D:6      | Reached skill level 4 in Long Blades
  7707 | D:6      | Reached skill level 4 in Axes
  7707 | D:6      | Reached skill level 4 in Maces & Flails
  7707 | D:6      | Reached skill level 4 in Polearms
  7707 | D:6      | Reached skill level 4 in Staves
  7707 | D:6      | Reached skill level 4 in Slings
  7707 | D:6      | Reached skill level 4 in Bows
  7707 | D:6      | Reached skill level 4 in Crossbows
  7707 | D:6      | Reached skill level 4 in Throwing
  7707 | D:6      | Reached skill level 4 in Armour
  7707 | D:6      | Reached skill level 4 in Shields
  7707 | D:6      | Reached skill level 4 in Unarmed Combat
  7707 | D:6      | Reached skill level 4 in Transmutations
  7707 | D:6      | Reached skill level 4 in Evocations
  8311 | D:6      | Reached skill level 6 in Stealth
  8315 | D:6      | Learned a level 3 spell: Dazzling Flash
  8320 | D:6      | Learned a level 4 spell: Petrify
  8656 | D:5      | HP: 11/66 [yak (11)]
  8662 | D:5      | Reached skill level 5 in Invocations
  9257 | D:7      | Found a staircase to the Ecumenical Temple.
  9267 | Temple   | Entered the Ecumenical Temple
  9356 | Temple   | Became a worshipper of Gozag Ym Sagoz the Greedy
  9556 | D:7      | Reached skill level 7 in Spellcasting
  9903 | D:7      | Reached XP level 10. HP: 73/73 MP: 20/20
  9962 | D:7      | Reached skill level 4 in Conjurations
  9962 | D:7      | Reached skill level 4 in Hexes
  9962 | D:7      | Reached skill level 4 in Summonings
  9962 | D:7      | Reached skill level 4 in Necromancy
  9962 | D:7      | Reached skill level 4 in Translocations
  9962 | D:7      | Reached skill level 4 in Fire Magic
  9962 | D:7      | Reached skill level 4 in Ice Magic
  9962 | D:7      | Reached skill level 4 in Air Magic
  9962 | D:7      | Reached skill level 4 in Poison Magic
 10048 | D:7      | Reached skill level 5 in Fighting
 10048 | D:7      | Reached skill level 5 in Short Blades
 10048 | D:7      | Reached skill level 5 in Long Blades
 10048 | D:7      | Reached skill level 5 in Axes
 10048 | D:7      | Reached skill level 5 in Maces & Flails
 10048 | D:7      | Reached skill level 5 in Polearms
 10048 | D:7      | Reached skill level 5 in Staves
 10048 | D:7      | Reached skill level 5 in Slings
 10048 | D:7      | Reached skill level 5 in Bows
 10048 | D:7      | Reached skill level 5 in Crossbows
 10048 | D:7      | Reached skill level 5 in Throwing
 10048 | D:7      | Reached skill level 5 in Armour
 10048 | D:7      | Reached skill level 5 in Shields
 10048 | D:7      | Reached skill level 5 in Unarmed Combat
 10048 | D:7      | Reached skill level 5 in Evocations
 10259 | D:7      | You pick up a book of Geomancy and begin reading...
 10525 | D:7      | Found Peduta's Magic Scroll Boutique.
 10538 | D:7      | Reached skill level 7 in Earth Magic
 10816 | D:8      | Reached skill level 7 in Dodging
 10817 | D:8      | Noticed Grum
 11005 | D:8      | HP: 15/74 [yak (8)]
 11362 | D:7      | Reached skill level 5 in Transmutations
 11522 | D:8      | Reached skill level 6 in Invocations
 11671 | D:8      | Reached skill level 7 in Stealth
 11673 | D:8      | Killed Grum
 12471 | D:9      | Noticed a two-headed ogre
 12974 | D:9      | Killed a two-headed ogre
 12975 | D:9      | Reached XP level 11. HP: 81/81 MP: 9/22
 13394 | D:9      | Found a runed translucent gate.
 13394 | D:9      | Found a runed translucent gate.
 13394 | D:9      | Found a runed translucent gate.
 13395 | D:9      | Noticed a nine-headed hydra
 13396 | D:9      | Noticed leviel's ghost (novice TrMo)
 13540 | D:9      | Killed leviel's ghost
 13541 | D:9      | Reached skill level 6 in Fighting
 13541 | D:9      | Reached skill level 6 in Short Blades
 13541 | D:9      | Reached skill level 6 in Long Blades
 13541 | D:9      | Reached skill level 6 in Axes
 13541 | D:9      | Reached skill level 6 in Maces & Flails
 13541 | D:9      | Reached skill level 6 in Polearms
 13541 | D:9      | Reached skill level 6 in Staves
 13541 | D:9      | Reached skill level 6 in Slings
 13541 | D:9      | Reached skill level 6 in Bows
 13541 | D:9      | Reached skill level 6 in Crossbows
 13541 | D:9      | Reached skill level 6 in Throwing
 13541 | D:9      | Reached skill level 6 in Armour
 13541 | D:9      | Reached skill level 6 in Shields
 13541 | D:9      | Reached skill level 6 in Unarmed Combat
 13541 | D:9      | Reached skill level 5 in Conjurations
 13541 | D:9      | Reached skill level 5 in Hexes
 13541 | D:9      | Reached skill level 5 in Summonings
 13541 | D:9      | Reached skill level 5 in Necromancy
 13541 | D:9      | Reached skill level 5 in Translocations
 13541 | D:9      | Reached skill level 5 in Fire Magic
 13541 | D:9      | Reached skill level 5 in Ice Magic
 13541 | D:9      | Reached skill level 5 in Air Magic
 13541 | D:9      | Reached skill level 5 in Poison Magic
 13541 | D:9      | Reached skill level 6 in Evocations
 13558 | D:9      | Killed a nine-headed hydra
 13559 | D:9      | Reached skill level 8 in Spellcasting
 13755 | D:9      | Identified the +5 broad axe of Ebrekis {protect, Will+
                  | Stlth+}
 13803 | D:10     | Entered Level 10 of the Dungeon
 13888 | D:10     | Noticed a death yak
 13890 | D:10     | Noticed a death yak
 13891 | D:10     | Noticed a death yak
 13899 | D:10     | Noticed a death yak
 13913 | D:9      | Killed a death yak
 14141 | D:10     | Found a runed translucent door.
 14141 | D:10     | Noticed siradein's ghost (journeyman GrFi)
 14142 | D:10     | Noticed a two-headed ogre
 14154 | D:10     | Killed a two-headed ogre
 14155 | D:10     | Reached skill level 7 in Invocations
 14157 | D:10     | Found a staircase to the Lair.
 14342 | D:10     | Found a flagged portal.
 14351 | Bailey   | Entered a bailey
 14527 | Bailey   | Noticed an orc knight
 14748 | Bailey   | Noticed an orc knight
 14748 | Bailey   | Noticed an orc knight
 14797 | Bailey   | Killed an orc knight
 14798 | Bailey   | Reached skill level 8 in Dodging
 15017 | Bailey   | Killed an orc knight
 15164 | Bailey   | Killed an orc knight
 15342 | Bailey   | Found the +10 morningstar "Eos" {elec, Halo rElec}
 15344 | Bailey   | Identified a +2 crystal plate armour
 15345 | Bailey   | Q - a +2 crystal plate armour {rare}
 15421 | Bailey   | You finish putting on your +2 crystal plate armour {rare}.
 15426 | Bailey   | You finish taking off your +2 crystal plate armour {rare}.
 15447 | D:10     | Noticed a green ugly thing
 15455 | D:10     | Killed a green ugly thing
 15652 | D:10     | Reached skill level 6 in Transmutations
 16225 | D:10     | Reached skill level 8 in Stealth
 16533 | D:10     | HP: 18/83 [siradein's ghost (13)]
 16535 | D:10     | Killed siradein's ghost
 16536 | D:10     | Reached skill level 8 in Earth Magic
 16536 | D:10     | Reached XP level 12. HP: 12/89 MP: 24/24
 17267 | D:11     | Identified Taozxo Hust's Collected Works on Combat Magic
                  | and Lightness
 17268 | D:11     | You add the spells Shock, Static Discharge, Mephitic Cloud,
                  | Hailstorm, Fireball and Silence to your library.
 17274 | D:11     | Learned a level 4 spell: Iskenderun's Mystic Blast
 17279 | D:11     | Learned a level 4 spell: Hailstorm
 17478 | D:11     | Noticed a two-headed ogre
 17486 | D:11     | Killed a two-headed ogre
 17487 | D:11     | Reached skill level 7 in Fighting
 17487 | D:11     | Reached skill level 7 in Short Blades
 17487 | D:11     | Reached skill level 7 in Long Blades
 17487 | D:11     | Reached skill level 7 in Axes
 17487 | D:11     | Reached skill level 7 in Maces & Flails
 17487 | D:11     | Reached skill level 7 in Polearms
 17487 | D:11     | Reached skill level 7 in Staves
 17487 | D:11     | Reached skill level 7 in Slings
 17487 | D:11     | Reached skill level 7 in Bows
 17487 | D:11     | Reached skill level 7 in Crossbows
 17487 | D:11     | Reached skill level 7 in Throwing
 17487 | D:11     | Reached skill level 7 in Armour
 17487 | D:11     | Reached skill level 7 in Shields
 17487 | D:11     | Reached skill level 7 in Unarmed Combat
 17487 | D:11     | Reached skill level 7 in Evocations
 18151 | D:11     | Noticed a boulder beetle
 18167 | D:11     | Killed a boulder beetle
 18302 | D:11     | Reached skill level 6 in Conjurations
 18302 | D:11     | Reached skill level 6 in Hexes
 18302 | D:11     | Reached skill level 6 in Summonings
 18302 | D:11     | Reached skill level 6 in Necromancy
 18302 | D:11     | Reached skill level 6 in Translocations
 18302 | D:11     | Reached skill level 6 in Fire Magic
 18302 | D:11     | Reached skill level 6 in Ice Magic
 18302 | D:11     | Reached skill level 6 in Air Magic
 18302 | D:11     | Reached skill level 6 in Poison Magic
 18671 | D:12     | Noticed a two-headed ogre
 18929 | D:11     | Reached skill level 8 in Invocations
 19057 | D:12     | Killed a two-headed ogre
 19058 | D:12     | Reached skill level 9 in Spellcasting
 19241 | D:12     | Identified the +8 falchion "Uriap" {elec, rElec rN+ Will-}
 19683 | D:12     | Found a staircase to the Orcish Mines.
 19874 | D:12     | HP: 16/91 [centaur/arrow (12)]
 19879 | D:12     | Shot with an arrow by a centaur

Vanquished Creatures
  A hydra (D:9)
  The ghost of leviel the Grappler, a novice TrMo (D:9)
  A boulder beetle (D:11)
  4 two-headed ogres
  A death yak (D:9)
  The ghost of siradein the Basher, a journeyman GrFi of Wu Jian (D:10)
  3 orc knights (Bailey)
  2 ugly things
  An unseen horror (D:10)
  3 trolls
  A hornet (D:9)
  2 slime creatures (D:12)
  A water elemental (D:12)
  A shadow (D:9)
  A spriggan (shapeshifter) (D:12)
  Eustachio (D:4)
  17 yaks
  A wyvern (D:7)
  Grum (D:8)
  Edmund (D:4)
  2 vampire mosquitoes (D:11)
  3 acid dragons
  A water moccasin (D:6)
  11 orc warriors
  2 sky beasts
  3 ice beasts
  6 ogres
  3 necrophages
  2 wolves
  5 centaurs
  4 kobold brigands
  2 bullfrogs
  2 gnoll sergeants
  A scorpion (D:6)
  A water moccasin zombie (D:5)
  A wyvern skeleton (D:4)
  4 wights (D:7)
  4 electric eels
  5 howler monkeys
  4 centaur zombies
  A hound (D:6)
  2 jellies
  4 orc priests (D:12)
  2 centaur skeletons
  A gnoll shaman (D:10)
  A bullfrog skeleton (D:6)
  An iguana (D:5)
  Ijyb (D:4)
  8 orc wizards
  A killer bee zombie (D:7)
  A hound zombie (D:5)
  A hound skeleton (D:4)
  4 howler monkey zombies
  14 gnolls
  6 adders
  A howler monkey skeleton (D:7)
  2 shadow imps (D:7)
  2 white imps (D:7)
  2 worms
  41 orcs
  4 bats
  11 endoplasms
  2 giant cockroaches
  7 hobgoblins
  16 jackals
  7 quokkas
  10 ball pythons
  3 frilled lizards
  7 goblins
  19 kobolds
  6 rats
299 creatures vanquished.

Vanquished Creatures (collateral kills)
  A slime creature (D:12)
  2 centaurs (D:12)
3 creatures vanquished.

Vanquished Creatures (others)
  51 plants
51 creatures vanquished.

Grand Total: 353 creatures vanquished

Table legend:
 A = Non-vault XP
 B = Vault XP
 C = Vault XP percentage of total XP
 D = Non-vault monster count
 E = Vault monster count
 F = Vault count percentage of total count
                 A         B        C        D         E       F
            +---------+---------+-------+---------+---------+-------
      Total |   19053 |    8421 |  30.7 |     245 |      57 |  18.9
            +---------+---------+-------+---------+---------+-------
        D:1 |      42 |       0 |   0.0 |      25 |       0 |   0.0
        D:2 |      54 |       0 |   0.0 |      27 |       0 |   0.0
        D:3 |      25 |       0 |   0.0 |      15 |       0 |   0.0
        D:4 |     298 |     414 |  58.1 |      25 |       3 |  10.7
        D:5 |    1206 |     102 |   7.8 |      13 |       4 |  23.5
        D:6 |    1992 |       0 |   0.0 |      28 |       0 |   0.0
        D:7 |    1904 |     887 |  31.8 |      26 |      10 |  27.8
        D:8 |     992 |     301 |  23.3 |      14 |       2 |  12.5
        D:9 |    1823 |    2862 |  61.1 |      16 |       3 |  15.8
       D:10 |    2710 |     852 |  23.9 |      21 |       1 |   4.5
       D:11 |    5006 |       0 |   0.0 |      18 |       0 |   0.0
       D:12 |    3001 |     843 |  21.9 |      17 |      19 |  52.8
     Bailey |       0 |    2160 | 100.0 |       0 |      15 | 100.0
            +---------+---------+-------+---------+---------+-------

Illustrated notes

Table legend:
 A = Kills in this place as a percentage of kills in entire the game.
 B = Kills by you in this place as a percentage of kills by you in the entire game.
 C = Kills by friends in this place as a percentage of kills by friends in the entire game.
 D = Other kills in this place as a percentage of other kills in the entire game.
 E = Experience gained in this place as a percentage of experience gained in the entire game.
 F = Experience gained in this place divided by the number of levels of this place that you have seen.
                   A       B       C       D       E      F
               +-------+-------+-------+-------+-------+----------------------
         Total | 100.0 | 100.0 | 100.0 |   N/A | 100.0 | 1962.4
       Dungeon |  95.0 |  95.0 | 100.0 |   N/A |  92.1 | 2109.5
        Bailey |   5.0 |   5.0 |   0.0 |   N/A |   7.9 | 2160.0
               +-------+-------+-------+-------+-------+----------------------

Table legend: (Time is in decaauts)
 A = Elapsed time spent in this place.
 B = Non-inter-level travel time spent in this place.
 C = Inter-level travel time spent in this place.
 D = Time resting spent in this place.
 E = Time spent auto-exploring this place.
 F = Levels seen in this place.
 G = Mean time per level.
                   A        B        C        D        E       F      G
               +--------+--------+--------+--------+--------+-----+--------+
         Total |  19893 |  19281 |    612 |   2578 |  13790 |  14 | 1420.9 |
       Dungeon |  18703 |  18101 |    602 |   2456 |  12968 |  12 | 1558.6 |
        Temple |    100 |     90 |     10 |      0 |     81 |   1 |  100.0 |
        Bailey |   1089 |   1089 |      0 |    122 |    741 |   1 | 1089.0 |
               +--------+--------+--------+--------+--------+-----+--------+

Top non-repeatable levels by time:
     D:7: 2537 daAuts
    D:11: 2114 daAuts
     D:6: 1947 daAuts
     D:4: 1928 daAuts
    D:10: 1824 daAuts
     D:9: 1566 daAuts
     D:2: 1424 daAuts
     D:5: 1347 daAuts
     D:1: 1264 daAuts
  Bailey: 1089 daAuts
     D:3: 938 daAuts
     D:8: 933 daAuts
    D:12: 876 daAuts
  Temple: 100 daAuts
